 Dungeon Crawl Stone Soup version 0.19-a0-1786-g230130f (webtiles) character file.

6932 kae the Covert (level 10, -8/44 HPs)
             Began as a Spriggan Enchanter on Oct 3, 2016.
             Was a Believer of Dithmenos.
             Killed from afar by a deep elf mage (12 damage)
             ... with an orb of energy
             ... on level 9 of the Dungeon.
             The game lasted 00:14:56 (10862 turns).

kae the Covert (Spriggan Enchanter)                Turns: 10862, Time: 00:14:56

Health: -8/44      AC:  5    Str:  6    XL:     10   Next: 80%
Magic:  26/33      EV: 18    Int: 18    God:    Dithmenos [**....]
Gold:   361        SH:  0    Dex: 17    Spells: 3 memorised, 21 levels left

rFire  . . .     SeeInvis +     f - +2 dagger (speed)
rCold  . . .     Gourm    .     b - +2 robe
rNeg   + . .     Faith    .     (shield restricted)
rPois  .         Spirit   .     (helmet restricted)
rElec  .         Dismiss  .     n - +0 cloak
rCorr  .         Reflect  .     (gloves unavailable)
MR     +....     Harm     .     (boots unavailable)
Stlth  +++++++...               (no amulet)
                                y - ring of positive energy
                                i - ring of magical power

@: very slightly contaminated, wreathed by umbra, studying Maces & Flails,
invisible, very quick
A: unfitting armour, see invisible, herbivore 3, speed 3, slow metabolism 2
a: Shadow Step, Renounce Religion


You were on level 9 of the Dungeon.
You worshipped Dithmenos.
Dithmenos was pleased with you.
You were not hungry.

You visited 1 branch of the dungeon, and saw 11 of its levels.

You collected 361 gold pieces.

Inventory:

Hand Weapons
 a - a +2 dagger
 f - a +2 dagger of speed (weapon)
Armour
 b - a +2 robe (worn)
 n - a +0 cloak (worn)
Jewellery
 i - a ring of magical power (left hand)
 o - an uncursed ring of fire
 y - a ring of positive energy (right hand)
Scrolls
 s - 2 scrolls of remove curse
 v - a scroll of enchant armour
 z - a scroll of amnesia
 A - 3 scrolls of enchant weapon
Potions
 e - 2 potions of magic
 g - a potion of cure mutation {unknown}
 h - 2 potions of might
 j - 2 potions of heal wounds {unknown}
 k - a potion of berserk rage
 l - 2 potions of mutation
 m - 3 potions of haste
 p - a potion of invisibility
 q - 3 potions of agility
 r - a potion of curing
 u - a potion of brilliance {unknown}
 x - a potion of lignification
Books
 c - a book of Maledictions

   Spells                             Type                      Level
   a - Corona                         Hexes                        1
   b - Ensorcelled Hibernation        Hexes/Ice                    2
   c - Confuse                        Hexes                        3
   d - Tukima's Dance                 Hexes                        3
   e - Dazzling Spray                 Conjuration/Hexes            3
 t - a book of Misfortune

   Spells                             Type                      Level
   a - Confusing Touch                Hexes                        1
   b - Confuse                        Hexes                        3
   c - Gell's Gravitas                Hexes/Translocation          3
   d - Petrify                        Transmutation/Earth          4
   e - Metabolic Englaciation         Hexes/Ice                    5
   f - Yara's Violent Unravelling     Hexes/Transmutation          5
 w - a manual of Maces & Flails
Comestibles
 d - 5 bread rations


   Skills:
 * Level 11.5 Short Blades
 - Level 3.0 Dodging
 + Level 11.6 Stealth
 + Level 9.4 Spellcasting
 + Level 9.7 Hexes


You had 21 spell levels left.
You knew the following spells:

 Your Spells              Type           Power        Failure   Level  Hunger
a - Corona                Hex            #####..      1%          1    None
b - Ensorcelled Hibernat  Hex/Ice        ####..       1%          2    None
c - Confuse               Hex            #####...     1%          3    None


Dungeon Overview and Level Annotations

Branches:
Dungeon (11/15)            Temple (0/1) D:7            Lair (0/6) D:9
    Orc: D:9-12

Altars:
Cheibriados
Dithmenos
Hepliaklqana
Nemelex Xobeh
Uskayaw

Shops:
D:7 %


Innate Abilities, Weirdness & Mutations

You are very small and have problems with some larger weapons.
You are too small for most types of armour.
You have supernaturally acute eyesight. (SInv)
You are a herbivore.
You cover ground extremely quickly.
You need consume almost no food.


Message History

Confirm with . or Enter, or press ? or * to list all spells.
Aiming: Ensorcelled Hibernation
Press: ? - help, Shift-Dir - straight line, f/p - manticore
Aim: a manticore (umbra, chance to defeat MR: 37%)
The manticore easily resists.
The bullfrog misses you. The manticore completely misses you.
The manticore barely misses you. x2
The bullfrog hits you. The manticore barely misses you.
The manticore misses you. The manticore claws you.
The bullfrog closely misses you.
Okay, then.
Okay, then.
You fade into invisibility!
The bullfrog completely misses you. The manticore completely misses you.
The manticore claws you!
* * * LOW HITPOINT WARNING * * *
The manticore closely misses you.
The deep elf mage points at you and mumbles some strange words.
The orb of energy hits the bullfrog.
The orb of energy explodes!
The mystic blast hits you!
You die...

.....................
.....................
....................
..........##.......
..........# ......
.#####.### #.....
#...# #... #...# ...
#H@F# #..###e*# #..
..# ### ###


You could see a manticore, a deep elf mage, a bullfrog (wandering) and a
battlesphere.

Vanquished Creatures
  Urug (D:10)
  A hill giant (D:10)
  A manticore (D:11)
  Maurice (D:8)
  A hornet (D:11)
  Grinder (D:3)
  2 hippogriffs
  A vampire (D:10)
  A hungry ghost (D:10)
  Duvessa (D:7)
  A black bear (D:9)
  4 orc warriors
  2 ice beasts
  8 ogres
  3 phantoms
  2 centaurs
  A big kobold (D:5)
  3 bullfrogs
  A gnoll sergeant (D:4)
  Dowan (D:7)
  A scorpion (D:6)
  4 howler monkeys
  4 crimson imps
  A centaur zombie (D:7)
  3 bullfrog zombies
  8 jellies
  8 hounds
  3 orc priests (D:7)
  A centaur skeleton (D:10)
  7 orc wizards
  Ijyb (D:2)
  4 iguanas
  6 worker ants
  2 hound zombies
  2 hound skeletons
  A worker ant zombie (D:7)
  15 gnolls
  9 adders
  A shadow imp (D:5)
  A dart slug (D:1)
  2 leopard geckos
  19 orcs
  4 giant cockroaches
  37 goblins
  27 hobgoblins
  4 jackals (D:7)
  7 kobolds
  5 quokkas
  A ball python (D:5)
  12 bats
  11 frilled lizards
  A jackal zombie (D:6)
  11 rats
  A plant (D:11)
261 creatures vanquished.

Vanquished Creatures (others)
  2 fungi (D:9)
2 creatures vanquished.

Grand Total: 263 creatures vanquished

Notes
Turn   | Place    | Note
-------+----------+-------------------------------------------
     0 | D:1      | kae the Spriggan Enchanter began the quest for the Orb.
     0 | D:1      | Reached XP level 1. HP: 9/9 MP: 5/5
   553 | D:1      | Reached XP level 2. HP: 9/13 MP: 5/7
  1050 | D:2      | Noticed Ijyb
  1060 | D:2      | Killed Ijyb
  1060 | D:2      | Reached XP level 3. HP: 13/16 MP: 8/8
  1067 | D:2      | Reached skill level 5 in Stealth
  1436 | D:1      | Learned a level 2 spell: Ensorcelled Hibernation
  1440 | D:1      | Learned a level 3 spell: Confuse
  1564 | D:2      | Reached XP level 4. HP: 20/21 MP: 4/9
  1976 | D:2      | Found a snail-covered altar of Cheibriados.
  2513 | D:3      | Reached XP level 5. HP: 24/24 MP: 4/11
  2581 | D:3      | Noticed a phantom
  2622 | D:2      | Killed a phantom
  2711 | D:3      | Reached XP level 6. HP: 21/28 MP: 1/13
  2813 | D:3      | Noticed Grinder
  2818 | D:3      | Killed Grinder
  2818 | D:3      | Reached skill level 5 in Short Blades
  2818 | D:3      | Reached skill level 5 in Hexes
  3188 | D:4      | Reached XP level 7. HP: 18/32 MP: 0/14
  3743 | D:4      | Reached skill level 5 in Spellcasting
  4517 | D:5      | Entered Level 5 of the Dungeon
  5158 | D:5      | Reached XP level 8. HP: 23/36 MP: 4/17
  6394 | D:6      | Found a sparkling altar of Nemelex Xobeh.
  7662 | D:7      | Reached XP level 9. HP: 39/39 MP: 11/20
  7787 | D:7      | Noticed Dowan
  7788 | D:7      | Noticed Duvessa
  8004 | D:7      | Killed Duvessa
  8033 | D:7      | Killed Dowan
  8109 | D:7      | Found a hazy altar of Hepliaklqana.
  8109 | D:7      | Found a shadowy altar of Dithmenos.
  8190 | D:7      | Became a worshipper of Dithmenos the Shadowed
  8297 | D:7      | Found a staircase to the Ecumenical Temple.
  8559 | D:7      | Found Jufixt's Food Emporium.
  9105 | D:7      | Reached * piety under Dithmenos
  9200 | D:8      | You fall through a shaft for 3 floors!
  9325 | D:11     | Noticed a manticore
  9330 | D:11     | Killed a manticore
  9330 | D:11     | Reached skill level 10 in Stealth
  9337 | D:10     | Entered Level 10 of the Dungeon
  9400 | D:11     | Reached skill level 10 in Short Blades
  9415 | D:11     | Noticed a cyclops
  9549 | D:10     | Reached XP level 10. HP: 44/44 MP: 23/23
  9608 | D:10     | Noticed Urug
  9630 | D:10     | Killed Urug
  9680 | D:10     | Noticed a hill giant
  9694 | D:10     | Killed a hill giant
  9758 | D:9      | Found a staircase to the Lair.
  9785 | D:9      | Reached ** piety under Dithmenos
 10134 | D:8      | Noticed a dagger
 10135 | D:8      | Found a hide-covered altar of Uskayaw.
 10136 | D:8      | Noticed a dagger
 10510 | D:8      | Noticed Maurice
 10512 | D:8      | Killed Maurice
 10848 | D:9      | Noticed a manticore
 10853 | D:9      | Noticed a deep elf mage
 10862 | D:9      | Killed from afar by a deep elf mage

Vault maps used:
D:1:      scummos_arrival_star
D:2:      nicolae_overflow_crystal_walls, uniq_iyjb
D:3:      minmay_misc_feat_encased, uniq_grinder
D:5:      minmay_goblin_kobold_castle, first_bread
D:6:      nemelex_xobeh_ov_fountains_minmay
D:7:      amethyst_overflow_temple_binary, serial_shops,
          nicolae_shop_window_shopping, uniq_duvessa
D:8:      dancing_weapons_uskayaw, uniq_maurice
D:9:      minmay_blocky_corners, due_lair_maze_entry_diamond
D:10:     uniq_urug
D:11:     minmay_weird_star

Skill      XL: |  1  2  3  4  5  6  7  8  9 10 |
---------------+-------------------------------+-----
Spellcasting   | 3 4 5 6 8 9 |  9.4
Short Blades   | 2 3 4 5 6 8 10 11 | 11.5
Hexes          | 4 5 6 7 8 9 |  9.7
Stealth        | 5 6 7 8 10 11 | 11.6
Dodging        | |  3.0

Action                   |  1- 3 |  4- 6 |  7- 9 | 10-12 || total
-------------------------+-------+-------+-------+-------++-------
Melee: Dagger            |   110 |   182 |   556 |   125 ||   973
 Cast: Corona            |     8 |     2 |     1 |       ||    11
       Ensorcelled Hiber |     3 |    22 |   146 |    24 ||   195
       Confuse           |       |     8 |     6 |     6 ||    20
  Use: Scroll            |       |       |    20 |       ||    20
       Potion            |       |       |     1 |     1 ||     2
 Stab: Sleeping          |    13 |    22 |    94 |    21 ||   150
       Confused          |       |     4 |     6 |     4 ||    14
       Distracted        |       |     1 |     2 |       ||     3
  Eat: Royal jelly       |       |     1 |       |       ||     1
       Bread ration      |       |       |     2 |       ||     2
Armor: Robe              |     8 |    18 |    44 |    12 ||    82
Dodge: Dodged            |    69 |   126 |   290 |   106 ||   591
